Map: Ley Lines

Players

Classic - Winner!

  • Race: Protoss Protoss
  • Spawn Location: 1:00

ShoWTimE

  • Race: Protoss Protoss
  • Spawn Location: 7:00

Event: Esports World Cup 2025

VOD

Have the link to the VOD?

Description

Time

  • Played on: July 24, 2025, 6:38 a.m.
  • Length: 12:20

All games in this series

Show
View Real Time Build Order
Export as new Build Order

Classic Protoss - Winner!

Build Orders:  

Get SALT Encoding   

  12  0:00  Probe  
  13  0:12  Probe  
  14  0:17  Pylon  
  14  0:24  Probe  
  15  0:32  Probe  
  15  0:35  Gateway  
  15  0:40  Probe  
  16  0:46  Assimilator  
  17  0:50  Probe  
  17  0:54  Assimilator  
  18  0:59  Probe  
  19  1:07  Gateway, Probe  
  19  1:17  Probe  
  20  1:24  Cybernetics Core  
  21  1:29  Probe  
  22  1:34  Pylon  
  22  1:41  Probe  
  23  2:00  Adept  
  23  2:01  Warp Gate, Adept  
  27  2:04  Robotics Facility  
  27  2:13  Pylon  
  27  2:27  Stalker  
  27  2:28  Stalker  
  31  2:42  Warp Prism  
  33  2:59  Shield Battery  
  33  3:05  Sentry  
  36  3:13  Pylon  
  36  3:14  Immortal  
  36  3:27  Shield Battery  
  38  3:35  Pylon  
  37  3:46  Probe  
  41  3:58  Stalker  
  41  4:03  Stalker  
  43  4:16  Stargate  
  43  4:34  Pylon  
  43  4:36  Gateway  
  43  4:48  Stalker x2  
  43  4:54  Probe  
  42  5:05  Phoenix  
  42  5:06  Pylon  
  45  5:12  Stalker x2  
  48  5:22  Probe  
  49  5:35  Sentry  
  49  5:36  Sentry, Stalker  
  49  5:41  Pylon  
  55  5:59  Stalker x3  
  60  6:10  Probe  
  58  6:18  Probe  
  58  6:26  Probe  
  59  6:38  Probe, Sentry x2  
  64  6:50  Probe  
  64  6:51  Pylon  
  65  7:05  Robotics Facility  
  65  7:20  Nexus  
  65  7:24  Stalker  
  67  7:37  Oracle  
  67  7:42  Stalker  
  72  7:46  Pylon  
  72  7:49  Observer  
  70  7:51  Pylon  
  60  8:18  Probe  
  61  8:36  Observer  
  61  8:41  Probe x2  
  64  8:50  Stalker, Zealot  
  64  8:51  Zealot  
  64  8:53  Probe x2  
  72  9:01  Shield Battery  
  72  9:08  Probe x2  
  74  9:20  Probe x2  
  74  9:21  Immortal  
  80  9:33  Stalker  
  82  9:45  Probe x2  
  84  9:48  Twilight Council  
  84  9:54  Immortal  
  84  10:06  Shield Battery  
  84  10:07  Pylon, Shield Battery  
  88  10:17  Stalker x2  
  92  10:27  Stalker  
  94  10:30  Assimilator  
  94  10:49  Stalker x2  
  92  10:50  Stalker  
  81  11:12  Immortal  
  81  11:18  Stalker x2  
  69  11:41  Zealot x3  
  71  11:52  Probe x2  
  71  11:53  Assimilator  
Show
View Real Time Build Order
Export as new Build Order

ShoWTimE Protoss 

Build Orders:  

Get SALT Encoding   

  12  0:00  Probe  
  13  0:12  Probe  
  14  0:17  Pylon  
  14  0:24  Probe  
  15  0:32  Probe  
  15  0:36  Gateway  
  15  0:40  Probe  
  16  0:45  Assimilator  
  17  0:50  Probe  
  17  0:53  Assimilator  
  18  0:59  Probe  
  19  1:06  Gateway  
  19  1:07  Probe  
  19  1:17  Probe  
  20  1:24  Cybernetics Core  
  21  1:29  Probe  
  22  1:32  Pylon  
  22  1:41  Probe  
  23  2:00  Adept x2  
  23  2:01  Robotics Facility  
  27  2:03  Warp Gate  
  27  2:11  Pylon  
  27  2:27  Stalker x2  
  31  2:38  Warp Prism  
  33  2:52  Shield Battery  
  33  3:02  Shield Battery  
  33  3:03  Sentry  
  33  3:04  Sentry  
  37  3:22  Pylon  
  37  3:24  Observer  
  38  3:40  Immortal  
  40  3:53  Stalker x2  
  43  3:57  Pylon, Probe  
  44  4:19  Stalker  
  46  4:25  Stalker  
  46  4:26  Probe  
  49  4:42  Pylon  
  49  4:44  Pylon, Stalker  
  51  4:50  Stalker  
  53  5:13  Pylon  
  53  5:16  Probe  
  53  5:19  Twilight Council  
  54  5:29  Probe  
  54  5:31  Nexus  
  55  5:41  Probe  
  52  5:53  Probe, Sentry x2  
  57  6:05  Probe  
  54  6:17  Gateway  
  54  6:18  Gateway, Dark Shrine  
  50  6:34  Stalker  
  50  6:38  Pylon  
  52  6:48  Nexus  
  52  6:49  Shield Battery  
  52  6:54  Stalker  
  54  7:14  Stalker  
  54  7:20  Shield Battery  
  52  7:36  Dark Templar  
  50  7:38  Dark Templar  
  52  7:45  Shield Battery  
  52  8:01  Blink  
  52  8:08  Dark Templar  
  54  8:13  Phoenix  
  51  8:28  Nexus  
  51  8:32  Probe  
  48  8:41  Gateway  
  48  8:44  Probe  
  48  8:47  Dark Templar  
  51  8:51  Archon  
  51  8:52  Stalker  
  53  8:58  Probe  
  54  9:10  Probe  
  54  9:17  Pylon  
  55  9:22  Probe  
  55  9:23  Stalker x2  
  60  9:34  Probe  
  60  9:35  Observer, Shield Battery  
  60  9:38  Gateway  
  61  9:40  Stalker  
  63  9:48  Stalker x2  
  67  9:58  Probe  
  68  10:04  Gateway  
  68  10:06  Assimilator  
  68  10:08  Stalker  
  68  10:11  Probe  
  71  10:18  Stalker x2  
  75  10:35  Stalker x2  
  73  11:03  Stalker x3  
  42  11:27  Stalker x3  
  43  11:34  Observer  
  32  11:52  Stalker x2  
  30  11:55  Stalker  
Tags
 
Add a new tag
Caveats
  • Supply blocks, unpowered buildings, or Contaminate may cause inaccurate times.
  • Supply counts are checked every 10 seconds.